 Dungeon Crawl Stone Soup version 0.26.1-2-gb8aa6d0cf2 (webtiles) character file.

Game seed: 7369519778778330850

5387 FishyPogo the Transmogrifier (level 10, -5/84 HPs)
             Began as a Pale Draconian Transmuter on Feb 24, 2021.
             Was a Priest of Makhleb.
             Slain by a vampire (13 damage)
             ... on level 9 of the Dungeon.
             The game lasted 00:56:20 (11186 turns).

FishyPogo the Transmogrifier (DrTm)                Turns: 11186, Time: 00:56:20

Health: -5/84      AC:  7    Str: 12    XL:     10   Next: 39%
Magic:  0/14       EV: 12    Int: 17    God:    Makhleb [***...]
Gold:   685        SH:  5    Dex: 12    Spells: 6/15 levels left

rFire    . . .     SeeInvis .     - Unarmed
rCold    + . .     Faith    .   y - +0 buckler
rNeg     . . .     Spirit   +   (armour unavailable)
rPois    +         Reflect  .   (helmet currently unavailable)
rElec    .         Harm     .   (no cloak)
rCorr    .         Rampage  .   (no gloves)
Will     .....                  (boots currently unavailable)
Stlth    +.........             i - amulet of guardian spirit
HPRegen  0.24/turn              C - ring of protection from cold (curse)
MPRegen  0.14/turn              l - ring of poison resistance

@: appendages (expiring)
A: breathe steam, unfitting armour, horns 2, talons 2, cold-blooded, AC +7
a: Breathe Steam, End Transformation, Renounce Religion, Minor Destruction,
Lesser Servant of Makhleb


You were on level 9 of the Dungeon.
You worshipped Makhleb.
Makhleb was most pleased with you.
You had grown temporary horns.
You had grown temporary talons.
You visited 1 branch of the dungeon, and saw 9 of its levels.
You also visited: Bailey.

You collected 685 gold pieces.

Inventory:

Hand Weapons
 a - a +4 dagger of speed
 b - a +2 dagger of venom
Missiles
 f - 200 stones
 w - 3 boomerangs
 x - 6 throwing nets
Armour
 y - a +0 buckler (worn)
Magical Staves
 v - an uncursed staff of fire
Jewellery
 c - an uncursed ring of protection from fire
 g - an uncursed ring of flight
 i - an amulet of guardian spirit (around neck)
 l - a ring of poison resistance (right hand)
 C - a cursed ring of protection from cold (left hand)
Wands
 o - a wand of iceblast (7)
Scrolls
 h - a scroll of noise {unknown}
 j - 6 scrolls of identify
 k - 3 scrolls of amnesia
 n - a scroll of magic mapping {unknown}
 p - 4 scrolls of teleportation
 r - 12 scrolls of remove curse
 z - a scroll of fog
 A - a scroll of blinking {unknown}
 B - a scroll of fear {unknown}
Potions
 d - 3 potions of lignification
 e - 8 potions of curing
 m - 2 potions of haste
 s - a potion of resistance
 t - 3 potions of flight {unknown}
 u - a potion of berserk rage {unknown}


   Skills:
 + Level 6.6 Fighting
 - Level 2.0 Dodging
 - Level 4.0 Shields
 * Level 8.6 Unarmed Combat
 - Level 3.0 Spellcasting
 + Level 9.3 Transmutations
 - Level 4.0 Air Magic
 + Level 4.3 Invocations


You had 6 spell levels left.
You knew the following spells:

 Your Spells              Type           Power        Failure   Level
c - Mephitic Cloud        Conj/Pois/Air  7%           30%         3
l - Spider Form           Tmut/Pois      9%           8%          3
u - Wereblood             Tmut           34%          1%          2
y - Beastly Appendage     Tmut           68%          1%          1

Your spell library contained the following spells:

 Spells                   Type           Power        Failure   Level
 Blade Hands              Tmut           17%          11%         5
 Magic Dart               Conj           8%           17%         1
 Blink                    Tloc           N/A          26%         2
 Call Imp                 Summ           2%           26%         2
 Slow                     Hex            2%           26%         2
 Ice Form                 Ice/Tmut       18%          26%         4
 Conjure Flame            Conj/Fire      2%           45%         3


Dungeon Overview and Level Annotations

Branches:
Dungeon (9/15)                Orc (0/2) D:9          Bailey (visited)
 Temple: D:4-7         Lair: D:8-11

Altars:
Ashenzari
Cheibriados
Gozag
Makhleb
Nemelex Xobeh
Okawaru
Ru
Uskayaw
Xom

Shops:
D:4 (   D:5 [   D:7 =


Innate Abilities, Weirdness & Mutations

You can breathe blasts of scalding, opaque steam.
Your pale cyan-grey scales are hard. (AC +7)
You cannot fit into any form of body armour.
You are cold-blooded and may be slowed by cold attacks.
You have a pair of horns on your head.
You have razor-sharp toenails.


Message History

* * * LOW HITPOINT WARNING * * *
Something draws strength from your injuries!
You feel better. Something hits you.
* * * LOW HITPOINT WARNING * * *
Something bites you.
* * * LOW HITPOINT WARNING * * *
Something draws strength from your injuries!
You feel better. Something hits you but does no damage.
Something bites you but does no damage. Something hits you.
* * * LOW HITPOINT WARNING * * *
Something bites you but does no damage.
You feel better. Something hits you but does no damage. Something bites you!
* * * LOW HITPOINT WARNING * * *
Something draws strength from your injuries!
A polar bear comes into view.
You feel better.
The polar bear growls angrily.
You hear an angry growl.
Something hits you!
You die...

#..8 .h. ##... ...
#.... ..# #..## #..
##.### #.# #...##
#..≈..≈≈..# #.#
#..... #...≈≈≈≈..#
#.# ##....8
#..≈≈≈≈≈..# #@#
#>..... ..≈≈≈≈≈≈..#
#{# ##....8
...≈≈≈≈≈..###.#
#.....
/.≈.≈≈≈.....?.#
#...##
...≈..........#
##.###
.......†?(....#######
#. #
.#####...............
#.. .
..............#######
#.. ######........#
#...


You could see a polar bear.

Vanquished Creatures
  5 polar bears (D:9)
  Sigmund (D:6)
  A yak (D:9)
  A warg (D:9)
  2 ice beasts
  8 orc warriors
  6 ogres
  A centaur (D:9)
  A wolf (D:5)
  A big kobold (D:8)
  2 gnoll sergeants (D:5)
  5 bullfrogs
  9 killer bees
  A quasit (D:9)
  6 hounds
  3 orc priests
  2 bullfrog skeletons (D:6)
  5 orc wizards
  A gnoll shaman (D:5)
  Jessica (D:2)
  Natasha (thrice) (D:2)
  An iguana (D:9)
  5 worker ants
  A bullfrog simulacrum (D:9)
  A centaur simulacrum (D:9)
  27 gnolls
  12 adders
  A shadow imp (D:8)
  9 white imps
  2 ufetubi
  An ooze (D:4)
  2 adder zombies (D:6)
  2 adder skeletons
  5 dart slugs
  4 leopard geckos
  54 orcs
  4 ball pythons
  9 bats
  7 giant cockroaches
  12 goblins
  6 hobgoblins
  13 jackals
  A quokka (D:8)
  5 frilled lizards
  A jackal skeleton (D:4)
  20 kobolds
  A quokka skeleton (D:5)
  A rat (D:1)
272 creatures vanquished.

Notes
Turn   | Place    | Note
-------+----------+-------------------------------------------
     0 | D:1      | FishyPogo the Draconian Transmuter began the quest for the
                  | Orb.
     0 | D:1      | Reached XP level 1. HP: 16/16 MP: 3/3
   191 | D:1      | Reached XP level 2. HP: 24/24 MP: 3/5
   194 | D:1      | Learned a level 2 spell: Wereblood
   437 | D:1      | Reached skill level 3 in Transmutations
   449 | D:1      | Reached XP level 3. HP: 22/29 MP: 4/6
   872 | D:2      | Noticed Natasha
   896 | D:2      | Killed Natasha
   897 | D:2      | Reached skill level 4 in Transmutations
   897 | D:2      | Reached XP level 4. HP: 26/36 MP: 3/7
   902 | D:2      | Learned a level 3 spell: Spider Form
  1058 | D:2      | Found a sparkling altar of Nemelex Xobeh.
  1058 | D:2      | Noticed Jessica
  1062 | D:2      | Killed Jessica
  1229 | D:2      | Noticed Natasha
  1240 | D:2      | Killed Natasha
  1241 | D:2      | Reached XP level 5. HP: 20/41 MP: 3/8
  1287 | D:2      | Reached skill level 5 in Transmutations
  1512 | D:2      | Noticed Natasha
  1519 | D:2      | Killed Natasha
  2263 | D:3      | Reached skill level 6 in Transmutations
  2348 | D:3      | Reached XP level 6. HP: 47/48 MP: 7/9
  2791 | D:4      | Found a broken altar of Ashenzari.
  2906 | D:4      | Found Wuzaruy's Antique Weapon Shoppe.
  3014 | D:4      | Reached skill level 7 in Transmutations
  3588 | D:4      | Your scales start taking on a pale cyan-grey colour.
  3588 | D:4      | Reached XP level 7. HP: 55/55 MP: 6/10
  3700 | D:4      | Found an iron altar of Okawaru.
  3830 | D:5      | Entered Level 5 of the Dungeon
  4221 | D:5      | Found a hide-covered altar of Uskayaw.
  4571 | D:5      | Found Foegraj's Antique Armour Shop.
  4646 | D:5      | Reached skill level 5 in Unarmed Combat
  4646 | D:5      | Reached XP level 8. HP: 17/64 MP: 2/11
  5020 | D:5      | Reached skill level 8 in Transmutations
  5023 | D:5      | Reached skill level 1 in Shields
  5352 | D:5      | Found a broken altar of Ashenzari.
  6021 | D:6      | Found a sacrificial altar of Ru.
  6166 | D:6      | Found a burning altar of Makhleb.
  6171 | D:6      | Became a worshipper of Makhleb the Destroyer
  6258 | D:6      | Noticed Sigmund
  6272 | D:6      | Killed Sigmund
  6904 | D:6      | You fall into a shaft and drop 1 floor!
  6908 | D:7      | Found a broken altar of Ashenzari.
  6915 | D:7      | Learned a level 3 spell: Mephitic Cloud
  6990 | D:7      | Found Piurudothry's Jewellery Emporium.
  7084 | D:7      | Reached skill level 1 in Air Magic
  7084 | D:7      | Reached XP level 9. HP: 61/73 MP: 7/12
  7140 | D:7      | Found a snail-covered altar of Cheibriados.
  7357 | D:7      | Reached * piety under Makhleb
  7436 | D:6      | Reached skill level 1 in Invocations
  7444 | D:6      | Reached skill level 5 in Fighting
  7714 | D:7      | Found an opulent altar of Gozag.
  8444 | D:8      | Reached ** piety under Makhleb
  8453 | D:8      | Found a flagged portal.
  8600 | Bailey   | Entered a bailey
  8829 | Bailey   | Noticed an orc knight
  8830 | Bailey   | Noticed an orc knight
  8830 | Bailey   | Noticed an orc knight
  9405 | D:8      | Found a shimmering altar of Xom.
  9749 | D:9      | Noticed a polar bear
  9760 | D:9      | Killed a polar bear
 10108 | D:9      | Reached skill level 9 in Transmutations
 10132 | D:9      | Found a staircase to the Orcish Mines.
 10164 | D:9      | Reached XP level 10. HP: 47/83 MP: 2/13
 10188 | D:9      | Reached *** piety under Makhleb
 11180 | D:9      | HP: 3/84 [something (4)]
 11181 | D:9      | HP: 1/84 [something (6)]
 11186 | D:9      | Slain by a vampire

Illustrated notes

Levels and vault maps discovered:
D:1:      amcnicky_arrival_underground_garden, layout_rooms
D:2:      kb_forest_paths, layout_basic, nemelex_lonely_heart_becter,
          uniq_natasha
D:3:      layout_basic, serial_rivers, chequers_serial_rivers_micro_c,
          chequers_serial_rivers_micro_d, chequers_serial_rivers_small_3,
          chequers_serial_rivers_micro_a
D:4:      layout_loops_cross, okawaru_altar_gauntlet_db, kennysheep_little_box,
          serial_shops, shop, grunt_decor_cap
D:5:      layout_cave_pools, overflow_temple_1_default,
          nemelex_xobeh_ov_fountains_minmay,
          minmay_temple_entry_enclosed_plants, basic_altar, serial_gnoll_camp,
          gnoll_camp_mini_shop, gnoll_camp_mini_shop, gnoll_camp_huts_moat,
          gnoll_camp_mini_doghouse, gnoll_camp_medium_02
D:6:      layout_gridville, nicolae_ru_great_annihilating_truth,
          lemuel_doored_altar, uniq_sigmund
D:7:      layout_loops_ring, cheibriados_altar_1,
          nicolae_overflow_hidden_temple, serial_shops, nicolae_shop_waterfront,
          minivault_26, evilmike_ruin_ashenzari
D:8:      layout_loops_ring, general_overflow_altar, enter_bailey_3,
          minmay_misc_feat_rows
D:9:      layout_small_grid, david_orc_1_choice, serial_ice, serial_ice_n,
          serial_ice_h, serial_ice_b, serial_ice_m, serial_ice_c, serial_ice_j,
          serial_ice_o, serial_ice_f, serial_ice_d, serial_ice_e, worms_lemuel

Skill      XL: |  1  2  3  4  5  6  7  8  9 10 |
---------------+-------------------------------+-----
Dodging        | 2 |  2.0
Fighting       | 2 3 4 6 |  6.6
Transmutations | 3 4 6 7 8 9 |  9.3
Unarmed Combat | 5 6 7 8 |  8.6
Shields        | 3 4 |  4.0
Air Magic      | 1 4 |  4.0
Invocations    | 3 4 |  4.3
Spellcasting   | 3 |  3.0

Action                   |  1- 3 |  4- 6 |  7- 9 | 10-12 || total
-------------------------+-------+-------+-------+-------++-------
Melee: Unarmed           |    90 |   220 |   424 |    83 ||   817
       Kick              |    26 |    28 |    72 |    12 ||   138
       Headbutt          |    13 |    22 |    45 |     6 ||    86
       Tailslap          |     5 |    18 |    32 |     4 ||    59
       Punch             |     3 |     2 |     7 |       ||    12
       Dagger            |       |       |   104 |       ||   104
 Cast: Beastly Appendage |    19 |    33 |    40 |     5 ||    97
       Wereblood         |     1 |     7 |     8 |     2 ||    18
       Spider Form       |       |     3 |    14 |     1 ||    18
       Mephitic Cloud    |       |       |     9 |     1 ||    10
Invok: Minor Destruction |       |       |       |     3 ||     3
 Abil: Breathe Steam     |       |       |     6 |     5 ||    11
  Use: Scroll            |       |     1 |     7 |       ||     8
       Potion            |       |       |     9 |     5 ||    14
 Stab: Paralysed         |       |       |     2 |       ||     2
       Sleeping          |       |       |     1 |       ||     1
       Distracted        |       |       |     1 |       ||     1
       Confused          |       |       |     1 |       ||     1
Armor: Skin              |    29 |    55 |   155 |    34 ||   273
Dodge: Dodged            |    47 |   119 |   436 |    59 ||   661
Block: Buckler           |       |       |     9 |    17 ||    26
